AoeStats
← CrazyBen

Lombardia

507053024Analyzed
4v4 RM · 16d ago on Sep 16, 2026· 25m 14s· 8 players
Game mode
Random Map
Map size
Large (8 player)
Population
200
Speed
Normal
Resources
Standard
Victory
Conquest
Starting age
Dark Age
Ending age
Imperial Age
RankedLock teamsTeams togetherTeam positionsShared explorationLock speedFull tech treeHidden civsTurbo modeCheats
Victory
Defeat
🇨🇳 Magyars · China
1406
+18
🇨🇳 Mongols · China
1378
+19
🇨🇳 Japanese · China
1370
+19
🇨🇳 Tatars · China
1348
+21
🇨🇦 Saracens · Canada
1467
-20
🇨🇳 Portuguese · China
1453
-20
🇫🇷 Khmer · France
1442
-19
🇯🇵 Maya · Japan
1422
-18
徽sir
4:49 Loom
8:52 Feudal Age
17:15 Castle Age
15:17 Double-Bit Axe
15:18 Horse Collar
16:16 Fletching
24:17 Wheelbarrow
23:50 Padded Archer Armor
25:14 Bodkin Arrow
国际悍匪Arosy
7:24 Loom
7:35 Loom
10:22 Feudal Age
14:20 Castle Age
12:26 Horse Collar
13:05 Double-Bit Axe
15:13 Bow Saw
20:13 Heavy Plow
22:02 Wheelbarrow
hoot
7:13 Loom
9:22 Feudal Age
10:12 Double-Bit Axe
10:45 Horse Collar
15:31 Wheelbarrow
17:36 Scale Barding Armor
20:38 Castle Age
19:35 Bloodlines
20:41 Light Cavalry
21:22 Husbandry
21:43 Chain Barding Armor
22:14 Bow Saw
22:04 Heavy Plow
23:16 Town Watch
25:00 Stone Mining
25:01 Gold Mining
西巴老嘛
10:14 Feudal Age
9:02 Loom
11:56 Double-Bit Axe
15:03 Castle Age
15:04 Double-Bit Axe
17:40 Horse Collar
19:00 Bow Saw
22:20 Heavy Plow
25:42 Wheelbarrow
25:02 Town Watch
25:27 Gold Mining
25:35 Stone Mining
[FORD]DarkHorse
5:55 Loom
11:10 Feudal Age
15:44 Castle Age
13:48 Double-Bit Axe
14:32 Horse Collar
22:35 Heavy Plow
22:54 Bow Saw
べにいろもみじ
0:41 Loom
11:29 Feudal Age
15:43 Castle Age
14:07 Double-Bit Axe
17:18 Bow Saw
16:48 Horse Collar
CrazyBen
8:47 Feudal Age
9:23 Double-Bit Axe
12:44 Forging
16:46 Loom
21:07 Wheelbarrow
24:57 Castle Age
2067
12:46 Feudal Age
14:07 Double-Bit Axe
14:15 Gold Mining
16:38 Castle Age
17:10 Loom
22:49 Imperial Age
Connection lost

Rejoining the realm…

Still unreachable

The connection could not be restored.

Session expired

The server has moved on; the page needs a fresh start.